 Dungeon Crawl Stone Soup version 0.29.1-12-g30fa7ad0bf (webtiles) character file.

Game seed: 16107459043281823872

273 wormed the Conjurer (level 6, -3/45 HPs)
             Began as a Draconian Conjurer on Dec 27, 2022.
             Slain by FexLirch's ghost (6 damage)
             ... on level 3 of the Dungeon.
             The game lasted 00:05:50 (3875 turns).

wormed the Conjurer (Draconian Conjurer)            Turns: 3875, Time: 00:05:51

Health: -3/45      AC:  7    Str: 10    XL:     6   Next: 3%
Magic:  8/12       EV: 12    Int: 20    God:
Gold:   138        SH:  0    Dex:  9    Spells: 6/13 levels left

rFire   . . .      SeeInvis .   i - +0 hand axe
rCold   . . .      Faith    .   (no shield)
rNeg    . . .      Spirit   .   (body armour unavailable)
rPois   .          Reflect  .   (helmet restricted)
rElec   .          Harm     .   (no cloak)
rCorr   .          Rampage  .   s - +0 pair of gloves
Will    .....                   (no boots)
Stlth   ++........              (no amulet)
HPRegen 0.15/turn               (no ring)
MPRegen 0.13/turn               (no ring)

@: no status effects
A: AC +6, unfitting armour, cold-blooded
a: no special abilities


You were on level 3 of the Dungeon.
You visited 1 branch of the dungeon, and saw 3 of its levels.

You collected 138 gold pieces.

Inventory:

Hand Weapons
 i - a +0 hand axe (weapon)
Missiles
 r - a throwing net (quivered)
Armour
 s - a +0 pair of gloves (worn)
Scrolls
 b - a scroll of immolation {unknown}
 c - 3 scrolls of identify {unknown}
 e - 5 scrolls of amnesia {unknown}
 f - 3 scrolls of teleportation {unknown}
 g - a scroll of fear {unknown}
 j - a scroll of enchant armour {unknown}
 k - a scroll of vulnerability {unknown}
 m - a scroll of brand weapon {unknown}
 n - a scroll of noise {unknown}
 p - a scroll of summoning {unknown}
 q - a scroll of acquirement {unknown}
Potions
 d - 2 potions of flight {unknown}
 h - 4 potions of curing {unknown}
 l - a potion of mutation {unknown}
 o - a potion of brilliance {unknown}
 t - a potion of haste {unknown}


   Skills:
 - Level 2.0 Dodging
 - Level 2.0 Stealth
 - Level 4.0 Spellcasting
 + Level 6.0 Conjurations


You had 6 spell levels left.
You knew the following spells:

 Your Spells              Type           Power      Damage    Failure   Level
a - Magic Dart            Conj           100%       1d8       1%          1
b - Searing Ray           Conj           56%        2d6       1%          2
c - Fulminant Prism       Conj/Hex       8%         3d7       36%         4

Your spell library contained the following spells:

 Spells                   Type           Power      Damage    Failure   Level
 Foxfire                  Conj/Fire      64%        2x1d7     3%          1
 Conjure Flame            Conj/Fire      16%        6-21      11%         3
 Dazzling Flash           Conj/Hex       32%        N/A       11%         3
 Inner Flame              Hex/Fire       4%         N/A       36%         3
 Flame Wave               Conj/Fire      16%        2d7       36%         4
 Iskenderun's Mystic Bla  Conj/Tloc      16%        2d5       36%         4


Dungeon Overview and Level Annotations

Branches:
Dungeon (3/15)

Altars:
Yredelemnul

Annotations:
D:3 3 runed translucent doors, FexLirch's ghost, weakling MeFi; Ijyb; Jingleheimer's ghost, amateur DsFi; vaultlich's ghost, amateur MfGl; wormed's ghost, amateur GnWn


Innate Abilities, Weirdness & Mutations

Your plain brown scales are hard. (AC +6)
You cannot fit into any form of body armour.
You are cold-blooded and may be slowed by cold attacks.


Message History

Wormed's ghost hits you.
* * * LOW HITPOINT WARNING * * *
Casting: Searing Ray (safe; 2% risk of failure)
Confirm with . or Enter, or press ? or * to list all spells.
You don't have enough magic to cast this spell.
Magic courses through your body. Wormed's ghost hits you.
* * * LOW HITPOINT WARNING * * *
Casting: Searing Ray (safe; 2% risk of failure)
Confirm with . or Enter, or press ? or * to list all spells.
Aiming: Searing Ray (safe; 2% risk of failure)
Press: ? - help, Shift-Dir - straight line The searing ray hits wormed's ghost!
Wormed's ghost is severely damaged.
The searing ray misses FexLirch's ghost. (Press . to maintain the ray.) Wormed's ghost hits you but does no damage.
The searing ray hits wormed's ghost!
Wormed's ghost is almost destroyed.
The searing ray hits FexLirch's ghost but does no damage.
Wormed's ghost whispers, "Soon you will have time, lots of time..."
Wormed's ghost closely misses you.
The searing ray hits wormed's ghost!
You destroy wormed's ghost!
The searing ray hits FexLirch's ghost but does no damage.
Training target 4.0 for Spellcasting reached!
Your Spellcasting skill increases to level 4!
Your Conjurations skill increases to level 6!
You have reached level 6!
Your scales feel tougher.
You hit FexLirch's ghost but do no damage.
FexLirch's ghost hits you but does no damage.
You barely miss FexLirch's ghost. FexLirch's ghost closely misses you.
FexLirch's ghost attacks as you move away!
FexLirch's ghost hits you!
* * * LOW HITPOINT WARNING * * *
FexLirch's ghost attacks as you move away!
FexLirch's ghost barely misses you.
You hit FexLirch's ghost but do no damage.
Your tail-slap misses FexLirch's ghost.
FexLirch's ghost hits you.
You die...

#.......####.....####.#######..
#.......#....###...........[...
#............# #......#........
#.......#.##.###..#####........
#.....†.#.##......# #.......#
#.......#.####.##.# #....(...
####.####.# #.##.# #........
#.# #.## #.##.#####........ #.#
#..# #@##........#####. #.#
##.###W#########.# #. #.#
#.....# #.# #. #.# #..####
#.#####. #.# #..# #.......
###.### #.###### #.#####.
#.....###.#!8?.## #.#.....
##.....##.W#W...8# #.#.####
#......##..#W....( ##.#.#


You could see FexLirch's ghost.

Vanquished Creatures
  The ghost of wormed the Chopper, an amateur MiBe of Trog (D:3)
  The ghost of mkat the Caller, an amateur FeSu of Vehumet (D:3)
  A hound zombie (D:3)
  4 adders
  2 worms (D:2)
  A dart slug (D:2)
  2 orcs (D:3)
  3 bats
  12 endoplasms
  6 goblins
  6 hobgoblins
  3 jackals (D:2)
  A quokka (D:1)
  7 ball pythons
  A ball python zombie (D:3)
  3 frilled lizards
  6 kobolds
  2 rats
62 creatures vanquished.

Vanquished Creatures (others)
  A fulminant prism (D:3)
1 creature vanquished.

Grand Total: 63 creatures vanquished

Notes
Turn   | Place    | Note
-------+----------+-------------------------------------------
     0 | D:1      | wormed the Draconian Conjurer began the quest for the Orb.
     0 | D:1      | Reached XP level 1. HP: 14/14 MP: 3/3
   231 | D:1      | Reached XP level 2. HP: 20/20 MP: 1/5
   333 | D:1      | Learned a level 2 spell: Searing Ray
   710 | D:1      | Found a faded altar of an unknown god.
   930 | D:2      | Reached XP level 3. HP: 25/26 MP: 3/6
  1426 | D:2      | Reached XP level 4. HP: 33/33 MP: 3/8
  2026 | D:3      | Noticed Ijyb
  2528 | D:2      | Learned a level 4 spell: Fulminant Prism
  2821 | D:3      | Found a runed translucent gate.
  2822 | D:3      | Found a runed translucent gate.
  2823 | D:3      | Found a runed translucent gate.
  2823 | D:3      | Noticed Jingleheimer's ghost (amateur DsFi)
  2823 | D:3      | Noticed wormed's ghost (amateur MiBe)
  2824 | D:3      | Noticed FexLirch's ghost (weakling MeFi)
  2824 | D:3      | Noticed mkat's ghost (amateur FeSu)
  2825 | D:3      | Noticed wormed's ghost (amateur GnWn)
  2947 | D:3      | Found a runed translucent gate.
  2947 | D:3      | Noticed vaultlich's ghost (amateur MfGl)
  3129 | D:3      | Found a runed translucent gate.
  3129 | D:3      | Found a runed translucent gate.
  3131 | D:3      | Found a basalt altar of Yredelemnul.
  3136 | D:3      | Reached skill level 5 in Conjurations
  3861 | D:3      | Killed mkat's ghost
  3862 | D:3      | Reached XP level 5. HP: 15/38 MP: 3/10
  3866 | D:3      | Killed wormed's ghost
  3867 | D:3      | Reached skill level 6 in Conjurations
  3867 | D:3      | Reached XP level 6. HP: 10/45 MP: 7/12
  3873 | D:3      | HP: 2/45 [FexLirch's ghost (9)]
  3875 | D:3      | Slain by FexLirch's ghost

Illustrated notes

Levels and vault maps discovered:
D:1:      dpeg_arrival_stonehenge_8_columns, layout_basic,
          hellmonk_ecumenical_altar_heavens_door, grunt_decor_fettered,
          minmay_distorted
D:2:      layout_basic
D:3:      layout_loops_ring, nicolae_yredelemnul_ghost_church,
          gammafunk_ghost_cemetery, uniq_ijyb

Skill      XL: |  1  2  3  4  5 |
---------------+----------------+-----
Stealth        | 2 |  2.0
Dodging        | 2 |  2.0
Spellcasting   | 3 4 |  4.0
Conjurations   | 5 6 |  6.0

Action                   |  1- 3 |  4- 6 || total
-------------------------+-------+-------++-------
Melee: Unarmed           |     2 |       ||     2
       Tailslap          |     2 |     1 ||     3
       Hand axe          |    11 |     5 ||    16
Throw: Throwing net      |       |     2 ||     2
 Cast: Magic Dart        |    57 |     9 ||    66
       Searing Ray       |     2 |    27 ||    29
       Fulminant Prism   |       |     1 ||     1
  Use: Potion            |       |     1 ||     1
Armor: Skin              |     5 |     6 ||    11
Dodge: Dodged            |     5 |    13 ||    18
